AoeStats
← Myper

Arena

509915413Analyzed
3v3 RM · 5d ago on Sep 28, 2026· 61m 32s· 6 players
Game mode
Random Map
Map size
Normal (6 player)
Population
200
Speed
Normal
Resources
Standard
Victory
Conquest
Starting age
Dark Age
Ending age
Imperial Age
RankedLock teamsTeams togetherTeam positionsShared explorationLock speedFull tech treeHidden civsTurbo modeCheats
Victory
Defeat
🇪🇸 Bohemians · Spain
790
+15
🇳🇱 Mongols · Netherlands
715
+18
🇳🇱 Vietnamese · Netherlands
661
+19
🇹🇷 Britons · Türkiye
776
-18
🇹🇷 Huns · Türkiye
767
-18
🇹🇷 Franks · Türkiye
728
-42
diamondkev513
10:57 Feudal Age
16:09 Castle Age
14:42 Double-Bit Axe
15:04 Horse Collar
25:57 Elite Skirmisher
27:25 Bow Saw
27:57 Padded Archer Armor
27:47 Fletching
29:06 Leather Archer Armor
29:51 Wheelbarrow
30:36 Ballistics
30:07 Pikeman
30:48 Squires
33:02 Chemistry
35:23 Imperial Age
33:08 Wagenburg Tactics
33:58 Scale Mail Armor
33:54 Bodkin Arrow
35:37 Hand Cart
38:04 Two-Man Saw
37:05 Halberdier
38:19 Elite Hussite Wagon
45:27 Forging
45:32 Chain Mail Armor
47:17 Iron Casting
50:13 Plate Mail Armor
50:43 Blast Furnace
52:02 Caravan
Moogie
10:19 Feudal Age
10:53 Horse Collar
11:01 Double-Bit Axe
19:34 Castle Age
22:37 Forging
23:58 Gold Mining
25:21 Heavy Plow
27:44 Bow Saw
27:32 Fletching
27:42 Padded Archer Armor
27:35 Loom
28:15 Stone Mining
28:38 Crossbowman
32:25 Stone Shaft Mining
34:41 Caravan
37:47 Imperial Age
35:54 Scale Mail Armor
36:00 Scale Barding Armor
37:58 Elite Rattan Archer
39:04 Arbalester
40:08 Bodkin Arrow
40:49 Iron Casting
43:15 Bracer
43:31 Leather Archer Armor
43:32 Chain Mail Armor
43:37 Chain Barding Armor
47:27 Thumb Ring
50:48 Plate Mail Armor
50:54 Plate Barding Armor
50:50 Ring Archer Armor
Myper
8:57 Feudal Age
12:55 Double-Bit Axe
13:09 Horse Collar
17:33 Castle Age
21:15 Bow Saw
21:49 Wheelbarrow
21:04 Loom
21:50 Town Watch
23:46 Heavy Plow
24:27 Gold Mining
25:08 Stone Mining
28:27 Gold Shaft Mining
28:29 Stone Shaft Mining
29:37 Caravan
34:10 Imperial Age
32:47 Hand Cart
32:56 Forging
32:50 Padded Archer Armor
32:41 Fletching
34:27 Leather Archer Armor
34:12 Bodkin Arrow
35:18 Husbandry
35:28 Bloodlines
35:22 Squires
35:08 Arson
35:02 Onager
36:40 Town Patrol
36:55 Forging
36:46 Scale Mail Armor
37:10 Ballistics
37:54 Chemistry
37:15 Heavy Camel Rider
38:21 Conscription
42:24 Masonry
42:25 Fortified Wall
42:10 Murder Holes
42:28 Scale Barding Armor
43:53 Hoardings
43:22 Nomads
43:45 Drill
43:53 Chain Barding Armor
43:35 Bracer
45:49 Elite Mangudai
50:25 Sappers
53:14 Pikeman
55:31 Iron Casting
55:11 Chain Mail Armor
OnPlayerExitVehicle v2
12:39 Feudal Age
13:24 Double-Bit Axe
13:31 Gold Mining
20:46 Castle Age
21:46 Caravan
25:48 Bow Saw
26:30 Gold Shaft Mining
25:52 Stone Mining
32:05 Husbandry
37:01 Scale Barding Armor
37:13 Forging
44:58 Imperial Age
45:47 Cavalier
46:58 Chain Barding Armor
52:25 Plate Barding Armor
52:26 Iron Casting
52:15 Masonry
52:04 Murder Holes
52:22 Fortified Wall
52:02 Arrowslits
57:01 Paladin
59:01 Chivalry
59:24 Conscription
59:43 Hoardings
burakack
13:12 Feudal Age
13:40 Double-Bit Axe
13:37 Horse Collar
15:08 Wheelbarrow
18:45 Castle Age
20:02 Bow Saw
20:01 Heavy Plow
20:54 Gold Mining
20:55 Stone Mining
21:29 Husbandry
21:39 Scale Barding Armor
22:31 Gold Shaft Mining
22:48 Bloodlines
31:23 Imperial Age
29:12 Caravan
29:55 Coinage
30:54 Chain Barding Armor
32:17 Hand Cart
31:48 Loom
31:48 Town Watch
32:42 Plate Barding Armor
32:39 Banking
33:25 Two-Man Saw
32:01 Cavalier
33:45 Town Patrol
34:15 Guilds
34:33 Paladin
36:12 Conscription
56:30 Light Cavalry
EmirBagtas
10:46 Feudal Age
11:19 Loom
15:49 Castle Age
14:12 Double-Bit Axe
15:00 Horse Collar
15:36 Stone Mining
16:50 Bow Saw
17:25 Heavy Plow
27:05 Gold Mining
30:16 Gold Shaft Mining
29:42 Caravan
30:20 Fletching
30:32 Padded Archer Armor
34:21 Imperial Age
32:32 Ballistics
32:47 Bodkin Arrow
33:07 Pikeman
33:48 Squires
35:30 Wheelbarrow
36:04 Two-Man Saw
35:18 Guilds
35:38 Conscription
35:43 Yeomen
35:21 Elite Skirmisher
37:04 Chemistry
37:04 Capped Ram
37:49 Halberdier
39:15 Elite Longbowman
40:54 Bracer
41:10 Leather Archer Armor
47:10 Man-at-Arms
47:34 Onager
48:40 Long Swordsman
49:30 Two-Handed Swordsman
49:56 Gambesons
50:57 Champion
52:35 Ring Archer Armor
52:17 Forging
52:07 Scale Mail Armor
Connection lost

Rejoining the realm…

Still unreachable

The connection could not be restored.

Session expired

The server has moved on; the page needs a fresh start.